 Dungeon Crawl Stone Soup version 0.29-a0-700-g2f1814c7b2 (webtiles) character file.

Game seed: 3986964679517281457

55 gobodom the Stinger (level 3, -5/24 HPs)
             Began as a Demonspawn Venom Mage on June 25, 2022.
             Slain by Sigmund
             ... wielding a +0 scythe
              (12 damage)
             ... on level 2 of the Dungeon.
             The game lasted 00:04:32 (1940 turns).

gobodom the Stinger (Demonspawn Venom Mage)         Turns: 1940, Time: 00:04:33

Health: -5/24      AC:  2    Str: 10    XL:     3   Next: 67%
Magic:  5/6        EV: 12    Int: 16    God:
Gold:   58         SH:  0    Dex: 13    Spells: 6/7 levels left

rFire   . . .      SeeInvis .   c - +0 dagger
rCold   . . .      Faith    .   (no shield)
rNeg    . . .      Spirit   .   a - +0 robe
rPois   .          Reflect  .   (no helmet)
rElec   .          Harm     .   (no cloak)
rCorr   .          Rampage  .   (no gloves)
Will    .....                   (no boots)
Stlth   +.........              f - amulet of the acrobat
HPRegen 0.08/turn               (no ring)
MPRegen 0.10/turn               (no ring)

@: confused
A: demonic guardian 1, demonic touch 1
a: no special abilities


You were on level 2 of the Dungeon.
You visited 1 branch of the dungeon, and saw 2 of its levels.

You collected 58 gold pieces.

Inventory:

Hand Weapons
 c - a +0 dagger (weapon)
Armour
 a - a +0 robe (worn)
 h - an orb of wrath
Jewellery
 f - an amulet of the acrobat (around neck)
Scrolls
 d - 2 scrolls of amnesia {unknown}
 g - a scroll of vulnerability {unknown}
 i - 2 scrolls of identify {unknown}
 j - a scroll of silence {unknown}
Potions
 b - 2 potions of magic
 e - a potion of heal wounds
 k - a potion of curing {unknown}
 l - a potion of lignification {unknown}


   Skills:
 + Level 0.3 Fighting
 + Level 0.2 Short Blades
 + Level 2.2 Dodging
 + Level 2.1 Stealth
 + Level 2.5 Spellcasting
 + Level 1.1 Transmutations
 + Level 3.6 Poison Magic


You had 6 spell levels left.
You knew the following spells:

 Your Spells              Type           Power      Damage    Failure   Level
a - Sting                 Tmut/Pois      36%        1d4       8%          1

Your spell library contained the following spells:

 Spells                   Type           Power      Damage    Failure   Level
 Poisonous Vapours        Pois/Air       14%        N/A       14%         2
 Foxfire                  Conj/Fire      8%         2x1d4     21%         1
 Slow                     Hex            8%         N/A       21%         1
 Mephitic Cloud           Conj/Pois/Air  5%         N/A       36%         3
 Olgreb's Toxic Radiance  Pois           13%        N/A       41%         4
 Confusing Touch          Hex            2%         N/A       52%         3
 Conjure Flame            Conj/Fire      2%         6-21      52%         3
 Dazzling Flash           Conj/Hex       4%         N/A       52%         3
 Inner Flame              Hex/Fire       2%         N/A       52%         3
 Vampiric Draining        Necr           2%         2d6       52%         3
 Flame Wave               Conj/Fire      2%         2d4       89%         4
 Iskenderun's Mystic Bla  Conj/Tloc      2%         2d3       89%         4
 Starburst                Conj/Fire      1%         6d3       100%        6


Dungeon Overview and Level Annotations

Branches:
Dungeon (2/15)

Altars:

Annotations:
D:2 Sigmund


Innate Abilities, Weirdness & Mutations

A weak demonic guardian rushes to your aid.
Your touch may inflict minor irresistible damage on your foes.


Message History

You don't know that spell.
Something misses you. Something closely misses you.
You hit something but do no damage. Your touch misses something.
You barely miss something. Your touch misses something. Something hits you!
Casting: Sting (safe; 8% risk of failure)
Confirm with . or Enter, or press ? or * to list all spells.
Aiming: Sting (safe; 8% risk of failure)
Press: ? - help, Shift-Dir - straight line You hear some strange, mumbled words.
You are confused.
The adder bites you.
You hit something. Your touch misses something. The adder closely misses you.
You hear some strange, mumbled words.
You are more confused.
You bump into the rock wall.
The adder completely misses you. Something hits you!
* * * LOW HITPOINT WARNING * * *
A demonic guardian appears!
The adder misses you. x2; Your white imp barely misses something.
You are too confused!
It was a potion of heal wounds.
You feel much better. Something hits you. The adder closely misses you.
Your white imp hits something.
Your white imp freezes something.
The rat barely misses you. Something hits you!
Your white imp gestures at the adder.
The puff of frost hits the adder!
You miss the rat. The rat bites you.
You're too confused to move!
The adder bites your white imp but does no damage.
Your white imp barely misses the adder.
Something hits you. The rat bites you.
* * * LOW HITPOINT WARNING * * *
The adder bites your white imp.
You miss the rat. Your touch misses the rat.
Your white imp closely misses the adder.
The rat bites you but does no damage.
The adder bites your white imp but does no damage.
Something hits you!
Ouch! That really hurt!
You die...

.##.####.........
#.# ...<#
#...###..... #. #.#
##### ##..# .##.#
##. #.# #..#
##.#.##. #.# #...
##.#. #. #.# #(##.
#...!##S## #.# # #..
....# #.#
.##?###r#####..# #.#
.......@.......# #.#
#....5S..####..###.#
..#...{............#
#####.######.#####
#.. ...# #.## ###.#
#.# #.# #.# #.# #.#
#.#


You could see an adder (distracted, ally target), a rat and a friendly white imp
(summoned).

Vanquished Creatures
  A gnoll (D:2)
  A dart slug (D:1)
  2 endoplasms (D:2)
  A goblin (D:1)
  A hobgoblin (D:1)
  A quokka (D:2)
  4 ball pythons
  A bat (D:1)
  5 frilled lizards
  2 kobolds (D:2)
  3 rats (D:1)
22 creatures vanquished.

Vanquished Creatures (collateral kills)
  2 gnolls (D:2)
  A worm (D:2)
  A ball python (D:2)
4 creatures vanquished.

Grand Total: 26 creatures vanquished

Notes
Turn   | Place    | Note
-------+----------+-------------------------------------------
     0 | D:1      | gobodom the Demonspawn Venom Mage began the quest for the
                  | Orb.
     0 | D:1      | Reached XP level 1. HP: 13/13 MP: 3/3
   585 | D:1      | Gained mutation: A weak demonic guardian rushes to your
                  | aid. [demonic ancestry]
   585 | D:1      | Reached XP level 2. HP: 13/19 MP: 5/5
  1306 | D:2      | Reached skill level 1 in Transmutations
  1312 | D:2      | Gained mutation: Your touch may inflict minor irresistible
                  | damage on your foes. [demonic ancestry]
  1312 | D:2      | Reached XP level 3. HP: 14/24 MP: 0/6
  1925 | D:2      | Noticed Sigmund
  1934 | D:2      | HP: 1/24 [something (10)]
  1940 | D:2      | Slain by Sigmund

Illustrated notes

Levels and vault maps discovered:
D:1:      onia_arrival_mini_maze, layout_rooms, serial_forest,
          infiniplex_forest_lined_2, infiniplex_forest_lined_3_way,
          infiniplex_forest_clump_small, infiniplex_forest_lined_ring,
          infiniplex_forest_lined_2, infiniplex_forest_lined_2,
          infiniplex_forest_lined_2, kennysheep_pointless_box
D:2:      layout_loops_ring, grunt_ministairs_15, uniq_terence, uniq_sigmund

Skill      XL: |  1  2  3 |
---------------+----------+-----
Dodging        | 2 |  2.2
Transmutations | 1 |  1.1
Stealth        | 2 |  2.1
Fighting       | |  0.3
Short Blades   | |  0.2
Spellcasting   | |  2.5
Poison Magic   | |  3.6

Action                   || total
-------------------------++-------
Melee: Dagger            ||    53
       Touch             ||     1
 Cast: Sting             ||    22
  Use: Potion            ||     1
 Stab: Sleeping          ||     3
Armor: Robe              ||     3
Dodge: Dodged            ||    33

Table legend: (Time is in decaauts)
 A = Elapsed time spent in this place.
 B = Non-inter-level travel time spent in this place.
 C = Inter-level travel time spent in this place.
 D = Time resting spent in this place.
 E = Time spent auto-exploring this place.
 F = Levels seen in this place.
 G = Mean time per level.
                   A        B        C        D        E       F      G
               +--------+--------+--------+--------+--------+-----+--------+
         Total |   1938 |   1938 |      0 |      0 |   1512 |   2 |  969.0 |
       Dungeon |   1938 |   1938 |      0 |      0 |   1512 |   2 |  969.0 |
               +--------+--------+--------+--------+--------+-----+--------+

Top non-repeatable levels by time:
     D:1: 1264 daAuts
     D:2: 674 daAuts
